 Dungeon Crawl Stone Soup version 0.30-a0-585-g93115170b9 (webtiles) character file.

Game seed: 5327251548868983831

34745 M4edhros the Blocker (level 13, -1/84 HPs)
             Began as an Octopode Artificer on Dec 31, 2022.
             Was a High Priest of Cheibriados.
             Slain by a black mamba (8 damage)
             ... while petrified by a basilisk
             ... on level 5 of the Lair of Beasts on Jan 2, 2023.
             The game lasted 00:39:48 (7693 turns).

M4edhros the Blocker (Octopode Artificer)           Turns: 7693, Time: 00:39:49

Health: -1/84      AC:  3    Str: 33    XL:     13   Next: 79%
Magic:  0/25       EV:  2    Int: 25    God:    Cheibriados [*****.]
Gold:   308        SH:  0    Dex: 30    Spells: 4/12 levels left

rFire   . . .      SeeInvis .      - Unarmed
rCold   . . .      Faith    .    A - +2 kite shield
rNeg    + + +      Spirit   +    H - +2 hat of the Elven Halls {Str+4}
rPois   ∞          Reflect  .    y - amulet of guardian spirit
rElec   .          Harm     .    j - +6 ring of strength
rCorr   +          Rampage  .    i - ring of magical power
Will    .....                    z - ring of resist corrosion
Stlth   ++++++                   (no ring)
HPRegen 0.34/turn                (no ring)
MPRegen 0.19/turn                (no ring)
                                 (no ring)
                                 (no ring)

@: petrified, very slow
A: almost no armour, amphibious, 8 rings, camouflage 1, gelatinous body 1,
nimble swimmer 1, tentacles
a: Renounce Religion, Bend Time, Temporal Distortion, Slouch, Step From Time


You were on level 5 of the Lair of Beasts.
You worshipped Cheibriados.
Cheibriados was extremely pleased with you.
You visited 4 branches of the dungeon, and saw 19 of its levels.
You visited 1 bazaar.

You collected 740 gold pieces.
You spent 432 gold pieces at shops.

Inventory:

Missiles
 f - 12 javelins
 r - 5 atropa-tipped darts (quivered)
 w - 17 poisoned darts
Armour
 q - a +2 hat of willpower
 A - a +2 kite shield (worn)
 H - the +2 hat of the Elven Halls (worn) {Str+4}
   (You found it on level 1 of the Lair of Beasts)

   Str:       It affects your strength (+4).
Jewellery
 i - a ring of magical power (right tentacle)
 j - a +6 ring of strength (left tentacle)
 y - an amulet of guardian spirit (around mantle)
 z - a ring of resist corrosion (on tentacle)
 E - a ring of fire
Wands
 b - a wand of flame (40)
 n - a wand of iceblast (11)
 t - a wand of polymorph (22)
Scrolls
 a - a scroll of noise
 d - 5 scrolls of amnesia
 g - a scroll of enchant weapon
 l - a scroll of vulnerability
 x - 4 scrolls of teleportation
 B - 2 scrolls of fog
 C - 3 scrolls of poison
 I - 2 scrolls of fear
Potions
 e - 3 potions of heal wounds
 h - 6 potions of curing
 k - 3 potions of magic
 m - a potion of resistance
 o - a potion of ambrosia
 p - a potion of flight
 s - a potion of cancellation
 u - 3 potions of mutation
 v - 2 potions of brilliance
 D - 2 potions of attraction
 F - a potion of invisibility
 G - 2 potions of might


   Skills:
 - Level 6.4 Fighting
 - Level 9.3 Dodging
 - Level 5.3 Stealth
 + Level 13.3 Shields
 - Level 10.1 Unarmed Combat
 * Level 6.6 Summonings
 * Level 6.6 Translocations
 + Level 4.7 Ice Magic
 - Level 5.0 Invocations
 - Level 5.2 Evocations


You had 4 spell levels left.
You knew the following spells:

 Your Spells              Type           Power      Damage    Failure   Level
a - Summon Forest         Summ/Tloc      16%        N/A       43%         5
b - Ozocubu's Armour      Ice            23%        N/A       11%         3

Your spell library contained the following spells:

 Spells                   Type           Power      Damage    Failure   Level
 Vhi's Electric Charge    Tloc/Air       32%        N/A       21%         3
 Beastly Appendage        Tmut           0%         N/A       26%         1
 Kindle Blastsparks       Fire/Tloc/Air  22%        2d11      32%         3
 Static Discharge         Conj/Air       0%         2-2/arc   36%         2
 Iskenderun's Mystic Bla  Conj/Tloc      16%        2d5       56%         4
 Ignite Poison            Fire/Tmut/Pois 0%         N/A       61%         3
 Fulminant Prism          Conj/Hex       0%         3d5       95%         4
 Sticky Flame             Conj/Fire      0%         2d3       95%         4
 Metabolic Englaciation   Hex/Ice        5%         N/A       95%         5
 Arcjolt                  Conj/Air       0%         1d10      100%        5
 Lee's Rapid Deconstruct  Erth           0%         3d4*      100%        5
 Lightning Bolt           Conj/Air       0%         1d11      100%        5
 Yara's Violent Unravell  Hex/Tmut       0%         3d3       100%        5
 Simulacrum               Ice/Necr       5%         N/A       100%        6
 Enfeeble                 Hex            0%         N/A       100%        7
 Ignition                 Fire           0%         3d3       100%        8


Dungeon Overview and Level Annotations

Branches:
Dungeon (12/15)            Temple (1/1) D:7            Lair (5/5) D:8
    Orc (1/2) D:9
  Swamp: Lair:2-3    Shoals: Lair:2-3     Snake: Lair:2-3    Spider: Lair:2-3
  Slime: Lair:4-5

Altars:
Ashenzari
Cheibriados
Dithmenos
Elyvilon
Fedhas
Gozag
Hepliaklqana
Kikubaaqudgha
Makhleb
Nemelex Xobeh
Okawaru
Qazlal
Ru
Sif Muna
Trog
Uskayaw
Vehumet
Wu Jian
Xom
Yredelemnul
Zin
The Shining One

Shops:
D:8 =

Annotations:
D:4 Pikel


Innate Abilities, Weirdness & Mutations

You cannot wear most types of armour.
You are amphibious.
You can wear up to eight rings at the same time.
Your skin changes colour to match your surroundings (Stealth+).
Your rubbery body absorbs attacks. (AC +1, EV +1)
You are camouflaged when in or above water. (Stealth+)
You have tentacles for arms and can constrict up to eight enemies at once.


Message History

You tentacle-slap the basilisk! You squeeze the basilisk.
The basilisk is almost dead.
You constrict the basilisk!
You kill the basilisk!
Cheibriados appreciates the change of pace.
Cheibriados raises the support of your attributes as your movement slows.
The basilisk gazes at you.
You are slowing down.
A six-headed hydra comes into view.
Your limbs are stiffening.
Okay, then.
Okay, then.
As you read the scroll of teleportation, it crumbles to dust.
You feel strangely unstable.
You have turned to stone.
The six-headed hydra roars!
The basilisk bites you!
Your surroundings suddenly seem different.
Floosh!
You fall into the shallow water.
A cane toad, a black mamba, a death yak and 3 electric eels come into view.
The black mamba hisses angrily.
The cane toad croaks.
The black mamba bites you!
The black mamba splashes around in the water.
The black mamba splashes around in the water.
The black mamba bites you!
* * * LOW HITPOINT WARNING * * *
The black mamba splashes around in the water.
The cane toad stings you!!
* * * LOW HITPOINT WARNING * * *
The cane toad barely misses you. The black mamba bites you!!
* * * LOW HITPOINT WARNING * * *
The black mamba bites you.
* * * LOW HITPOINT WARNING * * *
The cane toad stings you.
* * * LOW HITPOINT WARNING * * *
The electric eel shoots out a bolt of lightning at you!
The bolt of electricity hits you.
* * * LOW HITPOINT WARNING * * *
The black mamba bites you!!
You die...

~♣~P~.~≈~~~~ ♣~~~~.S≈≈≈~
♣♣~~~P.~≈≈S ♣~~~PP.≈~≈♣
♣~~≈≈≈.~~~ ≈≈P≈≈≈.~~♣
P~~≈S~.~~♣ ~≈~≈≈~.@S♣
#.♣P~~≈≈~~.~F~♣
...~~~PP~~.~~~~~~ ##
#...~PP~P~~.~~P~~P~~
.##.....~♣~~~~.~~~P≈≈≈≈
##..#....##~~P..........
........P#.~~~..~~~~~~~~
.................♣♣P~~~♣
...††.........


You could see a black mamba, a cane toad and 3 electric eels.

Vanquished Creatures
  Gastronok (Lair:3)
  9 death yaks (Lair:5)
  2 two-headed ogres
  2 swamp dragons (Lair:1)
  2 ugly things
  2 manticores (D:12)
  2 cyclopes (D:12)
  3 black mambas
  6 cane toads
  An unseen horror (D:11)
  2 kobold demonologists (D:9)
  A rime drake (Lair:1)
  6 komodo dragons
  A polar bear (Lair:4)
  6 trolls
  Grinder (D:3)
  12 blink frogs
  A shadow (D:12)
  4 wraiths
  3 basilisks
  3 wyverns (Lair:3)
  2 vampires
  31 yaks
  A golden eye (D:8)
  2 acid dragons
  8 water moccasins
  3 ice beasts
  A swamp drake (D:9)
  4 orc warriors
  A sky beast (D:7)
  An ogre (D:6)
  8 wolves
  2 centaurs
  3 kobold brigands
  2 phantoms (D:6)
  5 bullfrogs
  A scorpion (D:6)
  A gnoll sergeant (D:12)
  12 killer bees
  3 howler monkeys
  3 hounds
  A jelly (D:8)
  5 orc priests
  An iguana (D:5)
  A gnoll bouda (D:5)
  7 orc wizards
  Robin (D:3)
  8 gnolls
  5 adders
  A white imp (D:6)
  An ufetubus (D:6)
  3 worms
  2 dart slugs
  29 orcs
  6 ball pythons
  6 endoplasms
  4 giant cockroaches
  17 goblins
  6 hobgoblins
  20 kobolds
  5 quokkas
  6 bats
  2 frilled lizards (D:2)
  6 rats
307 creatures vanquished.

Vanquished Creatures (collateral kills)
  A troll (D:11)
  3 yaks
  A howler monkey (D:11)
  2 gnolls (D:5)
  An orc (D:7)
8 creatures vanquished.

Vanquished Creatures (others)
  A gnoll (D:5)
  An orc (Orc:1)
  6 fungi
  47 plants
55 creatures vanquished.

Grand Total: 370 creatures vanquished

Notes
Turn   | Place    | Note
-------+----------+-------------------------------------------
     0 | D:1      | M4edhros the Octopode Artificer began the quest for the
                  | Orb.
     0 | D:1      | Reached XP level 1. HP: 13/13 MP: 1/1
   132 | D:2      | Reached XP level 2. HP: 15/18 MP: 2/2
   156 | D:2      | Reached skill level 1 in Unarmed Combat
   279 | D:2      | Reached XP level 3. HP: 12/23 MP: 3/3
   690 | D:3      | Noticed Robin
   798 | D:3      | Noticed Grinder
   799 | D:3      | Paralysed by Grinder for 3 turns
   806 | D:3      | Killed Grinder
   807 | D:3      | Reached XP level 4. HP: 28/30 MP: 4/4
   807 | D:3      | Reached XP level 5. HP: 33/35 MP: 5/5
   807 | D:3      | Reached XP level 6. HP: 37/40 MP: 6/6
  1194 | D:5      | Entered Level 5 of the Dungeon
  1473 | D:6      | You fall into a shaft and drop 1 floor!
  1561 | D:7      | Noticed a water moccasin
  1562 | D:7      | Reached XP level 7. HP: 41/45 MP: 7/7
  1616 | D:7      | Found a staircase to the Ecumenical Temple.
  1627 | Temple   | Entered the Ecumenical Temple
  1753 | Temple   | Became a worshipper of Cheibriados the Contemplative
  1826 | D:7      | Reached skill level 5 in Stealth
  1826 | D:7      | Reached skill level 5 in Evocations
  1826 | D:7      | Reached XP level 8. HP: 47/52 MP: 8/8
  2032 | D:5      | Reached skill level 5 in Unarmed Combat
  2136 | D:4      | Noticed Pikel
  2420 | D:3      | Killed Robin
  2567 | D:1      | Reached * piety under Cheibriados
  3415 | D:6      | Reached skill level 1 in Shields
  3424 | D:6      | Reached ** piety under Cheibriados
  3690 | D:6      | Reached skill level 2 in Shields
  3919 | D:7      | Reached skill level 5 in Dodging
  3919 | D:7      | Reached skill level 3 in Shields
  4077 | D:7      | Reached XP level 9. HP: 59/59 MP: 9/9
  4206 | D:8      | Noticed a two-headed ogre
  4217 | D:8      | Killed a two-headed ogre
  4218 | D:8      | Reached skill level 4 in Shields
  4307 | D:9      | Reached skill level 5 in Fighting
  4309 | D:9      | Noticed a two-headed ogre
  4344 | D:9      | Found a hide-covered altar of Uskayaw.
  4344 | D:9      | Noticed a +0 dagger
  4344 | D:9      | Noticed a +0 short sword
  4344 | D:9      | Noticed a +0 spear
  4345 | D:9      | Noticed a +0 spear
  4388 | D:9      | Reached skill level 5 in Shields
  4409 | D:9      | Reached *** piety under Cheibriados
  4464 | D:8      | Found a white marble altar of Elyvilon.
  4475 | D:8      | Noticed Psyche
  4478 | D:8      | Psyche changed into Psyche the golden eye
  4478 | D:8      | Noticed Psyche
  4484 | D:8      | Killed Psyche the golden eye
  4659 | D:8      | Reached skill level 11 in Shields
  4659 | D:8      | Reached XP level 10. HP: 66/66 MP: 10/10
  4691 | D:9      | Noticed a kobold demonologist
  4693 | D:9      | Noticed a kobold demonologist
  4804 | D:10     | Entered Level 10 of the Dungeon
  4823 | D:10     | Reached XP level 11. HP: 72/72 MP: 11/11
  4827 | D:10     | Reached skill level 12 in Shields
  5004 | D:10     | Found a shadowy altar of Dithmenos.
  5004 | D:10     | Found a radiant altar of Vehumet.
  5004 | D:10     | Found a blossoming altar of Fedhas.
  5050 | D:10     | Found an ornate altar of the Wu Jian Council.
  5123 | D:10     | Noticed a brown ugly thing
  5131 | D:10     | Killed a brown ugly thing
  5165 | D:10     | Noticed a two-headed ogre
  5174 | D:10     | Noticed an orc knight
  5174 | D:10     | Noticed a tengu warrior
  5174 | D:10     | Noticed an orc knight
  5174 | D:10     | Noticed a cyclops
  5174 | D:10     | Noticed a manticore
  5174 | D:10     | Noticed a boulder beetle
  5174 | D:10     | Noticed a deep elf pyromancer
  5237 | D:11     | Found a flickering gateway to a bazaar.
  5252 | D:11     | Reached **** piety under Cheibriados
  5258 | Bazaar   | Entered a bazaar
  5273 | Bazaar   | Found Zijor's General Store.
  5292 | Bazaar   | Found Zoqables's Armour Shoppe.
  5308 | Bazaar   | Found Bepi's Book Emporium.
  5330 | Bazaar   | Found Focyvyreumn's Book Shop.
  5452 | Bazaar   | Bought the Parchment of Mercurial Direction for 432 gold
                  | pieces
  5458 | Bazaar   | Learned a level 5 spell: Summon Forest
  5554 | D:9      | Reached skill level 1 in Summonings
  5586 | D:9      | Reached skill level 1 in Translocations
  5655 | D:9      | Reached ***** piety under Cheibriados
  5685 | D:9      | Found a staircase to the Orcish Mines.
  5719 | Orc:1    | Entered Level 1 of the Orcish Mines
  5719 | Orc:1    | Noticed an orc knight
  5719 | Orc:1    | Noticed an orc knight
  5719 | Orc:1    | Noticed an orc sorcerer
  5848 | D:10     | Reached skill level 1 in Invocations
  6010 | D:11     | Found a blossoming altar of Fedhas.
  6117 | D:12     | Noticed a boulder beetle
  6185 | D:12     | Noticed a cyclops
  6192 | D:12     | Killed a cyclops
  6226 | D:12     | Noticed a manticore
  6226 | D:12     | Noticed a two-headed ogre
  6249 | D:12     | Killed a two-headed ogre
  6252 | D:12     | Killed a manticore
  6253 | D:12     | Reached XP level 12. HP: 26/80 MP: 3/13
  6409 | D:12     | Learned a level 3 spell: Ozocubu's Armour
  6566 | D:12     | Reached skill level 1 in Ice Magic
  6741 | D:8      | Found Ybruafeuz's Jewellery Boutique.
  6756 | D:8      | Found a staircase to the Lair.
  6770 | Lair:1   | Entered Level 1 of the Lair of Beasts
  6861 | Lair:1   | Found a transporter.
  6872 | Lair:1   | Found a transporter.
  6902 | Lair:1   | Identified the +2 hat of the Elven Halls {Str+4}
  6909 | Lair:1   | Identified the +3 chain mail of the Garden {Harm Will-
                  | Str+4 Dex+4}
  7015 | Lair:3   | Noticed Gastronok
  7035 | Lair:3   | Killed Gastronok
  7036 | Lair:3   | Reached skill level 10 in Unarmed Combat
  7229 | Lair:2   | Reached skill level 5 in Invocations
  7372 | Lair:3   | Reached XP level 13. HP: 80/84 MP: 16/16
  7464 | Lair:5   | Entered Level 5 of the Lair of Beasts
  7504 | Lair:5   | Reached skill level 13 in Shields
  7576 | Lair:5   | Reached skill level 5 in Summonings
  7576 | Lair:5   | Reached skill level 5 in Translocations
  7586 | Lair:5   | Reached ****** piety under Cheibriados
  7628 | Lair:5   | Upgraded the game from 0.30-a0-576-g89cddaab80 to
                  | 0.30-a0-585-g93115170b9
  7693 | Lair:5   | Slain by a black mamba

Illustrated notes

Levels and vault maps discovered:
D:1:      mrwooster_arrival_statue_3, layout_basic, minmay_statues_item
D:2:      layout_basic, minmay_misc_feat_square
D:3:      layout_basic, grunt_ministairs_8, uniq_robin, uniq_grinder, uniq_ijyb
D:4:      layout_gridville, uniq_pikel
D:5:      layout_layer_cave
D:6:      layout_loops_cross, ebering_ghost_sewer_d
D:7:      minmay_general_purpose_star, layout_loops_ring,
          minmay_temple_entry_glassed_door, serial_aquarium,
          aquarium_bridge_island_small [aquarium_subvault_small_water,
          aquarium_subvault_balcony, aquarium_subvault_window,
          aquarium_subvault_bridge, aquarium_subvault_bridge],
          aquarium_window_2, aquarium_window_2, aquarium_window_1,
          aquarium_window_1, aquarium_view_2a, aquarium_balcony_3b
D:8:      layout_loops_ring, elyvilon_altar_5, lair_entry_dummy, serial_shops,
          shop_fountains, uniq_psyche
D:9:      layout_loops_ring, nicolae_uskayaw_en_pointe, erik_orc_1,
          roderic_roman_lattice, minmay_misc_feat_alley
D:10:     minmay_the_grid_triangle_9x9_recursive_2_mashed
          [minmay_the_grid_triangle_9x9_prize_insulated,
          minmay_the_grid_triangle_9x9_sparse_checkered,
          minmay_the_grid_triangle_9x9_negative_grid,
          minmay_the_grid_triangle_9x9_flanged_cone], layout_rooms,
          gammafunk_temple_overflow_claw, nicolae_overflow_hidden_temple,
          serial_bayou_pond_e
D:11:     layout_cave_pools, serial_shops, bzr_entry_dummy,
          fedhas_ov_isle_minmay
D:12:     layout_long_grid
Temple:   eino_temple_scatter_basement
Lair:1:   gammafunk_cloud_chamber, layout_loops_ring,
          nicolae_lair_run_with_the_wolves, serial_bayou_shore_a, uniq_urug
Lair:2:   layout_cave_pods, skrybe_swamp_entry_bodies,
          nicolae_spider_entry_tight_spaces, lemuel_fruit_fields,
          infiniplex_staircase_pool
Lair:3:   layout_regular_city, beast_lair_carwin_11, grunt_megastairs_3,
          uniq_gastronok
Lair:4:   layout_hall_layers, slime_entry_1, roderic_carrion_pond,
          lemuel_fruit_tree
Lair:5:   hangedman_lair_caniforms_friends, layout_regular_city, wormcave,
          serial_bayou, serial_bayou_pond_b, serial_bayou_ford_a,
          serial_bayou_crossing, serial_bayou_lagoon_b, serial_bayou_pond_c,
          enter_volcano_2, uniq_rupert
Orc:1:    layout_caves

Skill      XL: |  1  2  3  4  5  6  7  8  9 10 11 12 13 |
---------------+----------------------------------------+-----
Unarmed Combat | 1 3 4 6 7 9 10 | 10.1
Stealth        | 2 3 4 5 |  5.3
Fighting       | 2 3 4 5 6 |  6.4
Dodging        | 3 4 5 6 7 9 |  9.3
Evocations     | 4 5 |  5.2
Shields        | 3 11 12 13 | 13.3
Summonings     | 2 3 6 |  6.6
Translocations | 2 3 6 |  6.6
Invocations    | 2 5 |  5.0
Ice Magic      | 2 4 |  4.7

Action                   |  1- 3 |  4- 6 |  7- 9 | 10-12 | 13-15 || total
-------------------------+-------+-------+-------+-------+-------++-------
Melee: Unarmed           |    68 |    40 |   180 |   362 |   129 ||   779
       Constrict         |    23 |    13 |    34 |    43 |    18 ||   131
       Tentacles         |    13 |    15 |    40 |    99 |    42 ||   209
       Punch             |     2 |     2 |    11 |    36 |    13 ||    64
Throw: Dart              |       |       |       |    11 |       ||    11
 Cast: Ozocubu's Armour  |       |       |       |     1 |     1 ||     2
       Summon Forest     |       |       |       |       |     1 ||     1
Invok: Slouch            |       |       |       |     2 |     4 ||     6
Evoke: Wand              |     5 |     4 |    30 |    41 |     6 ||    86
  Use: Potion            |       |       |    12 |     8 |       ||    20
       Scroll            |       |       |    11 |    10 |     2 ||    23
 Stab: Sleeping          |     6 |     1 |    23 |     9 |     2 ||    41
       Betrayed ally     |       |     1 |       |     1 |       ||     2
       Distracted        |       |       |     1 |     3 |       ||     4
       Invisible         |       |       |     1 |       |       ||     1
       Paralysed         |       |       |       |     6 |       ||     6
Armor: Skin              |     5 |     2 |     7 |    70 |     6 ||    90
Dodge: Dodged            |    45 |    31 |    93 |   181 |    57 ||   407
Block: Kite shield       |       |       |    34 |   364 |   122 ||   520

Table legend: (Time is in decaauts)
 A = Elapsed time spent in this place.
 B = Non-inter-level travel time spent in this place.
 C = Inter-level travel time spent in this place.
 D = Time resting spent in this place.
 E = Time spent auto-exploring this place.
 F = Levels seen in this place.
 G = Mean time per level.
                   A        B        C        D        E       F      G
               +--------+--------+--------+--------+--------+-----+--------+
         Total |  10288 |   9257 |   1031 |     80 |   3121 |  20 |  514.4 |
       Dungeon |   8361 |   7448 |    913 |     69 |   2972 |  12 |  696.8 |
        Temple |    142 |    126 |     16 |      0 |    105 |   1 |  142.0 |
          Lair |   1412 |   1311 |    101 |     11 |      0 |   5 |  282.4 |
  Orcish Mines |      1 |      1 |      0 |      0 |      0 |   1 |    1.0 |
        Bazaar |    369 |    369 |      0 |      0 |     44 |   1 |  369.0 |
               +--------+--------+--------+--------+--------+-----+--------+

Top non-repeatable levels by time:
     D:9: 895 daAuts
    D:12: 868 daAuts
     D:6: 819 daAuts
    D:10: 813 daAuts
     D:7: 793 daAuts
     D:1: 690 daAuts
     D:2: 630 daAuts
     D:4: 620 daAuts
     D:3: 619 daAuts
     D:8: 586 daAuts
     D:5: 529 daAuts
    D:11: 495 daAuts
  Lair:2: 390 daAuts
  Bazaar: 369 daAuts
  Lair:3: 321 daAuts
